 Dungeon Crawl Stone Soup version 0.31-a0-188-g5e087ee2ca (webtiles) character file.

Game seed: 3257224085652472374

51 qw the Shooter (level 3, -13/20 HPs)
             Began as a Deep Elf Hunter on June 23, 2023.
             Killed from afar by an orc wizard (14 damage)
             ... with a puff of flame
             ... on level 3 of the Dungeon.
             The game lasted 00:01:34 (2260 turns).

qw the Shooter (Deep Elf Hunter)                    Turns: 2260, Time: 00:01:35

Health: -13/20     AC:  7    Str: 10    XL:     3   Next: 58%
Magic:  5/5        EV:  9    Int: 13    God:
Gold:   216        SH:  0    Dex: 18    Spells: 2/2 levels left

rFire   . . .        Y - +0 shortbow
rCold   . . .        (shield currently unavailable)
rNeg    . . .        h - +0 scale mail
rPois   .            (no helmet)
rElec   .            c - +0 cloak
rCorr   .            (no gloves)
SInv    .            (no boots)
Will    .....        (no amulet)
Stlth   +            (no ring)
HPRegen 0.23/turn    (no ring)
MPRegen 0.09/turn

%: no passive effects
@: no status effects
A: no striking features
a: no special abilities


You were on level 3 of the Dungeon.
You visited 1 branch of the dungeon, and saw 3 of its levels.

You collected 216 gold pieces.


   Skills:
 - Level 1.5 Fighting
 + Level 7.1 Ranged Weapons
 - Level 2.4 Dodging
 - Level 1.2 Stealth


You had 2 spell levels left.
You didn't know any spells.
Your spell library was empty.

Inventory:

Hand Weapons
 Y - a +0 shortbow (weapon)
Armour
 c - a +0 cloak (worn)
 h - a +0 scale mail (worn)
Scrolls
 a - a scroll of enchant armour {unknown}
 b - a scroll of identify
Potions
 d - a potion of invisibility {unknown}
 e - a potion of curing {unknown}
 g - a potion of berserk rage {unknown}

Dungeon Overview and Level Annotations

Branches:
Dungeon (3/15)

Altars:
Cheibriados

Shops:
D:3 (

Annotations:
D:2 1 runed translucent door, Crazy Yiuf


Message History

You shoot an arrow. The arrow hits the orc wizard.
The orc wizard is heavily wounded.
The orc wizard casts a spell.
The orc wizard flickers and vanishes!
Deactivating autopickup; reactivate with Ctrl-A.
You shoot an arrow. You shoot an arrow. You shoot an arrow.
Something hits you but does no damage.
You shoot an arrow. Something hits you but does no damage.
You hear some strange, mumbled words.
A magic dart appears from out of thin air!
The magic dart hits you.
You shoot an arrow. Something hits you but does no damage.
2250 ||| FLEEEEING.
2251 ||| FLEEEEING.
You hear some strange, mumbled words.
A puff of flame appears from out of thin air!
The puff of flame hits you.
2252 ||| FLEEEEING.
You hear some strange, mumbled words.
You are confused.
Something completely misses you. Something hits you.
The orc hits you with a +0 hand axe. Something completely misses you.
You feel less confused. Something hits you but does no damage.
The orc hits you but does no damage.
You shoot an arrow. The arrow barely misses the orc.
You hear some strange, mumbled words.
A puff of flame appears from out of thin air!
The puff of flame hits you! The orc closely misses you.
You shoot an arrow. The arrow hits the orc!
You kill the orc!
You hear some strange, mumbled words.
A puff of flame appears from out of thin air!
The puff of flame hits you!
Ouch! That really hurt!
You die...

#..............#####
#.......#..........#
#.#######.####.###.#
#.##...###.#
#.#.....##.# #.#
##........#.#
#.########
...............#.#
#.##......
>######........#.#
#.##.#####
#.#...@.##.# #.##.#
#.##..){##.###.##o#
#.###.#........##.#
.....#.........##.#
#.###.#.##.##.###.#
........##.# #.#
#####.#####.# #.#
...#####.###.#
.###.........#


There were no monsters in sight!

Vanquished Creatures
  2 adders
  A dart slug (D:2)
  An orc (D:3)
  4 bats
  An endoplasm (D:1)
  4 giant cockroaches
  3 goblins
  3 hobgoblins
  4 ball pythons
  5 frilled lizards
  4 kobolds
  3 rats
35 creatures vanquished.

Notes
Turn   | Place    | Note
-------+----------+-------------------------------------------
     0 | D:1      | qw the Deep Elf Hunter began the quest for the Orb.
     0 | D:1      | Reached XP level 1. HP: 12/12 MP: 3/3
     0 | D:1      | 0 ||| qw: Version: 0.3-a-9-g12657ce
     0 | D:1      | 0 ||| qw: Game counter: 4191
     0 | D:1      | 0 ||| qw: Always use a shield: true
     0 | D:1      | 0 ||| qw: God list: Okawaru
     0 | D:1      | 0 ||| qw: Allow faded altars: false
     0 | D:1      | 0 ||| qw: Do Orc after D:15 true
     0 | D:1      | 0 ||| qw: Do second Lair branch before Depths: true
     0 | D:1      | 0 ||| qw: Lair rune preference: random
     0 | D:1      | 0 ||| qw: Plans: Normal
     0 | D:1      | 0 ||| PLANNING D:1-11
   105 | D:1      | Reached skill level 6 in Ranged Weapons
   105 | D:1      | Reached XP level 2. HP: 16/16 MP: 4/4
   604 | D:1      | 604 ||| UPGRADING to +0 scale mail.
   614 | D:1      | 614 ||| DROPPING +0 leather armour.
   615 | D:1      | 615 ||| READING scroll labelled DOKLENARCHA.
   616 | D:1      | 616 ||| READING scroll labelled SUHUSILLAE.
   617 | D:1      | 617 ||| READING scroll labelled NIHUIS ENOOTT.
   618 | D:1      | 618 ||| DROPPING scroll of butterflies.
   666 | D:2      | Found a snail-covered altar of Cheibriados.
   687 | D:2      | Reached XP level 3. HP: 20/20 MP: 5/5
   901 | D:2      | 901 ||| STAIRDANCE
   912 | D:1      | Reached skill level 7 in Ranged Weapons
   934 | D:1      | 934 ||| UPGRADING to +0 cloak.
   939 | D:1      | 939 ||| READING scroll labelled XUTYGR CADAGOLL.
  1175 | D:2      | Found a runed translucent door.
  1176 | D:2      | Noticed Crazy Yiuf
  2117 | D:3      | Found Jeoq's Antique Weapon Emporium.
  2211 | D:3      | 2211 ||| FLEEEEING.
  2212 | D:3      | 2212 ||| FLEEEEING.
  2213 | D:3      | 2213 ||| FLEEEEING.
  2214 | D:3      | 2214 ||| FLEEEEING.
  2215 | D:3      | 2215 ||| FLEEEEING.
  2216 | D:3      | 2216 ||| FLEEEEING.
  2217 | D:3      | 2217 ||| FLEEEEING.
  2218 | D:3      | 2218 ||| FLEEEEING.
  2219 | D:3      | 2219 ||| FLEEEEING.
  2220 | D:3      | 2220 ||| FLEEEEING.
  2221 | D:3      | 2221 ||| FLEEEEING.
  2222 | D:3      | 2222 ||| FLEEEEING.
  2228 | D:3      | 2228 ||| FLEEEEING.
  2229 | D:3      | 2229 ||| FLEEEEING.
  2230 | D:3      | 2230 ||| FLEEEEING.
  2231 | D:3      | 2231 ||| FLEEEEING.
  2250 | D:3      | 2250 ||| FLEEEEING.
  2251 | D:3      | 2251 ||| FLEEEEING.
  2252 | D:3      | 2252 ||| FLEEEEING.
  2259 | D:3      | HP: 1/20 [something/puff of flame (9)]
  2260 | D:3      | Killed from afar by an orc wizard

Levels and vault maps discovered:
D:1:      beargit_arrival_diablo_church, layout_basic,
          nicolae_figureground_pulse
D:2:      layout_loops_ring, basic_altar, uniq_crazy_yiuf_cottage
D:3:      minmay_wonky_spiral, layout_loops_ring, fiery_altar_vehumet,
          serial_shops, shop, shop, uniq_pargi

Skill      XL: |  1  2  3 |
---------------+----------+-----
Ranged Weapons | 6 7 |  7.1
Fighting       | |  1.5
Dodging        | |  2.4
Stealth        | |  1.2

Action                     || total
---------------------------++-------
   Fire: Shortbow          ||   115
    Use: Scroll            ||     4
 Armour: Scale mail        ||    32
  Dodge: Dodged            ||    25

Table legend:
 A = Non-vault XP
 B = Vault XP
 C = Vault XP percentage of total XP
 D = Non-vault monster count
 E = Vault monster count
 F = Vault count percentage of total count
                 A         B        C        D         E       F
            +---------+---------+-------+---------+---------+-------
      Total |      77 |       0 |   0.0 |      35 |       0 |   0.0
            +---------+---------+-------+---------+---------+-------
        D:1 |      38 |       0 |   0.0 |      18 |       0 |   0.0
        D:2 |      32 |       0 |   0.0 |      14 |       0 |   0.0
        D:3 |       7 |       0 |   0.0 |       3 |       0 |   0.0
            +---------+---------+-------+---------+---------+-------
